 Dungeon Crawl Stone Soup version 0.31-a0-1098-g6898e6545c (webtiles) character file.

Game seed: 17807768096557748227

28 kae the Vexing (level 2, -3/20 HPs)
             Began as a Demonspawn Enchanter on Nov 30, 2023.
             Killed from afar by Natasha (10 damage)
             ... with a puff of flame
             ... on level 2 of the Dungeon.
             The game lasted 00:01:16 (861 turns).

kae the Vexing (Demonspawn Enchanter)                Turns: 861, Time: 00:01:16

Health: -3/20      AC:  7    Str:  8    XL:     2   Next: 96%
Magic:  5/5        EV: 10    Int: 15    God:
Gold:   87         SH:  0    Dex: 13    Spells: 3/5 levels left

rFire   . . .        a - +1 dagger
rCold   + . .        (no shield)
rNeg    . . .        g - +0 ring mail {rC+}
rPois   .            (no helmet)
rElec   .            (no cloak)
rCorr   .            (no gloves)
SInv    .            (no boots)
Will    .....        (no amulet)
Stlth   ++           (no ring)
HPRegen 0.23/turn    (no ring)
MPRegen 0.09/turn

%: no passive effects
@: no status effects
A: yellow scales 1
a: no special abilities


You were on level 2 of the Dungeon.
You visited 1 branch of the dungeon, and saw 2 of its levels.

You collected 87 gold pieces.


Innate Abilities, Weirdness & Mutations

You are partially covered in yellow scales. (AC +2)


   Skills:
 + Level 0.5 Fighting
 * Level 1.4 Short Blades
 + Level 0.0 Armour
 - Level 1.7 Dodging
 * Level 3.0 Stealth
 + Level 2.1 Spellcasting
 * Level 3.2 Hexes
 * Level 0.4 Ice Magic


You had 3 spell levels left.
You knew the following spells:

 Your Spells              Type           Power      Damage    Failure   Level
a - Ensorcelled Hibernat  Hex/Ice        14%        N/A       43%         2

Your spell library contained the following spells:

 Spells                   Type           Power      Damage    Failure   Level
 Confusing Touch          Hex            11%        N/A       47%         3
 Tukima's Dance           Hex            11%        N/A       47%         3
 Dazzling Flash           Conj/Hex       12%        N/A       71%         3

Inventory:

Hand Weapons
 a - a +1 dagger (weapon)
Missiles
 d - 13 stones
Armour
 b - a +0 robe
 g - a +0 ring mail of cold resistance (worn)
   (You found it on level 1 of the Dungeon)
Scrolls
 e - a scroll of revelation {unknown}
Potions
 c - 2 potions of invisibility
 h - a potion of mutation {unknown}

Dungeon Overview and Level Annotations

Branches:
Dungeon (2/15) Zot: 11143

Altars:

Annotations:
D:2 Natasha

#)##.##.##.##.# .
#.#.....##.##.#
#..###.#..#####.#.>#
#......#..#####.#.##
#.[........#.#
#.....######.#
#.....# ###.#####
#...).# #.......#
#<....# #@#.###.#
####### #h#.# #b#..
.5.#.# ... ..
....#.## ....#.#
......


You could see Natasha, a cerulean imp (summoned) and a bat.


Message History

The frilled lizard bites you but does no damage.
You hit the frilled lizard but do no damage.
The frilled lizard bites you but does no damage.
A frilled lizard is nearby!
A frilled lizard is nearby!
A frilled lizard is nearby!
You hit the frilled lizard.
You kill the frilled lizard!
No target in view!
No target in view!
No target in view!
You enter the shallow water.
Moving in this stuff is going to be slow.
Done exploring.
No target in view!
No target in view!
Done exploring.
Done exploring.
No target in view!
No target in view!
Done exploring.
No target in view!
No target in view!
Done exploring.
Okay, then.
As you read the scroll labelled DONAIR SERUDGH, it crumbles to dust.
It is a scroll of amnesia.
Okay, then.
As you read the scroll labelled ZUFASO TU ZOJ, it crumbles to dust.
You hear a loud clanging noise!
It was a scroll of noise.
Unknown command.
Okay, then.
Okay, then.
You enter the shallow water.
Moving in this stuff is going to be slow.
There is a stone staircase leading down here.
You climb downwards.
There is a stone staircase leading up here.
Found a stone staircase leading down.
e - a scroll labelled DEMOZAMIYR No target in view!
No target in view!
You see here a +0 leather armour.
A frilled lizard comes into view.
There is a stone staircase leading down here.
The frilled lizard hisses angrily.
A frilled lizard is nearby!
You closely miss the frilled lizard.
A frilled lizard is nearby!
A frilled lizard is nearby!
You miss the frilled lizard. The frilled lizard barely misses you.
You hit the frilled lizard.
You kill the frilled lizard!
You see here a frilled lizard corpse.
Found a stone staircase leading down.
No target in view!
No target in view!
Natasha, Servant of Life and Death comes into view.
She is carrying a wand of flame.
Natasha hisses angrily.
Casting: Ensorcelled Hibernation (extremely dangerous; 43% risk of failure)
Confirm with . or Enter, or press ? or * to list all spells.
Okay, then.
Unknown command.
You aren't carrying any items that you can evoke.
Unknown command.
Okay, then.
A bat comes into view.
Natasha zaps a wand.
The puff of flame hits you! 😮 HP[-7]
You take 7 damage, and now have 13/20 hp.
MASSIVE DAMAGE!! (PAUSE) Natasha stares at you and mumbles some strange words.
The magic dart hits you.
* * * LOW HITPOINT WARNING * * *
😨 HP[-3]
You take 3 damage, and now have 10/20 hp.
Unknown command.
You hit Natasha but do no damage. Natasha casts a spell at you.
The magic dart hits you.
* * * LOW HITPOINT WARNING * * *
😨 HP[-4]
You take 4 damage, and now have 6/20 hp.
You hit Natasha. Natasha closely misses you.
Unknown command.
You closely miss Natasha.
Natasha casts a spell. 😨 HP[+1]
You miss Natasha. Natasha closely misses you.
Unknown command.
You hit Natasha. You hit Natasha. Natasha barely misses you.
You barely miss Natasha.
Natasha zaps a wand.
The puff of flame hits you!
Ouch! That really hurt!
You die...
Natasha begins licking her fur clean.

Skill      XL: |  1  2 |
---------------+-------+-----
Short Blades   | 1 |  1.4
Stealth        | 3 |  3.0
Fighting       | |  0.5
Dodging        | |  1.7
Spellcasting   | |  2.1
Hexes          | |  3.2
Ice Magic      | |  0.4

Action                     || total
---------------------------++-------
  Melee: Dagger            ||   111
   Cast: Ensorcelled Hiber ||     2
    Use: Scroll            ||     2
   Stab: Sleeping          ||     3
 Armour: Robe              ||    65
         Ring mail         ||    10
  Dodge: Dodged            ||    80

Levels and vault maps discovered:
D:1:      dpeg_arrival_shrine, layout_rooms, chequers_decorated_corner,
          st_stairs_13, bh_walls_and_bars
D:2:      layout_loops_cross, basic_ecumenical_altar, uniq_natasha,
          uniq_crazy_yiuf_cottage, uniq_sigmund

Notes
Turn   | Place    | Note
-------+----------+-------------------------------------------
     0 | D:1      | kae the Demonspawn Enchanter began the quest for the Orb.
     0 | D:1      | Reached XP level 1. HP: 13/13 MP: 3/3
     0 | D:1      | magus.rc [v1.11.3]
    13 | D:1      | HP: 3/13 [quokka (1)]
    77 | D:1      | Reached skill level 1 in Short Blades
   132 | D:1      | HP: 3/13 [kobold/+0 short sword (4)]
   201 | D:1      | Gained mutation: You are partially covered in yellow
                  | scales. (AC +2) [demonic ancestry]
   201 | D:1      | Reached XP level 2. HP: 13/19 MP: 5/5
   204 | D:1      | Learned a level 2 spell: Ensorcelled Hibernation
   564 | D:1      | Reached skill level 3 in Stealth
   852 | D:2      | Noticed Natasha
   861 | D:2      | Killed from afar by Natasha

Vanquished Creatures
  2 bats (D:1)
  5 endoplasms (D:1)
  A goblin (D:1)
  A hobgoblin (D:1)
  A jackal (D:1)
  6 kobolds (D:1)
  2 quokkas (D:1)
  A ball python (D:1)
  4 frilled lizards
  2 rats (D:1)
25 creatures vanquished.

Table legend:
 A = Non-vault XP
 B = Vault XP
 C = Vault XP percentage of total XP
 D = Non-vault monster count
 E = Vault monster count
 F = Vault count percentage of total count
                 A         B        C        D         E       F
            +---------+---------+-------+---------+---------+-------
      Total |      36 |       4 |  10.0 |      23 |       2 |   8.0
            +---------+---------+-------+---------+---------+-------
        D:1 |      35 |       4 |  10.3 |      22 |       2 |   8.3
        D:2 |       1 |       0 |   0.0 |       1 |       0 |   0.0
            +---------+---------+-------+---------+---------+-------

Skill      XL: |  1  2 |
---------------+-------+-----
Short Blades   | 1 |  1.4
Stealth        | 3 |  3.0
Fighting       | |  0.5
Dodging        | |  1.7
Spellcasting   | |  2.1
Hexes          | |  3.2
Ice Magic      | |  0.4

Action                     || total
---------------------------++-------
  Melee: Dagger            ||   111
   Cast: Ensorcelled Hiber ||     2
    Use: Scroll            ||     2
   Stab: Sleeping          ||     3
 Armour: Robe              ||    65
         Ring mail         ||    10
  Dodge: Dodged            ||    80

Illustrated notes

Table legend:
 A = Kills in this place as a percentage of kills in the entire game.
 B = Kills by you in this place as a percentage of kills by you in the entire game.
 C = Kills by friends in this place as a percentage of kills by friends in the entire game.
 D = Other kills in this place as a percentage of other kills in the entire game.
 E = Experience gained in this place as a percentage of experience gained in the entire game.
 F = Experience gained in this place divided by the number of levels of this place that you have seen.
                   A       B       C       D       E      F
               +-------+-------+-------+-------+-------+----------------------
         Total | 100.0 | 100.0 |   N/A |   N/A | 100.0 |  20.0
       Dungeon | 100.0 | 100.0 |   N/A |   N/A | 100.0 |  20.0
               +-------+-------+-------+-------+-------+----------------------

Table legend: (Time is in decaauts)
 A = Elapsed time spent in this place.
 B = Non-inter-level travel time spent in this place.
 C = Inter-level travel time spent in this place.
 D = Time resting spent in this place.
 E = Time spent auto-exploring this place.
 F = Levels seen in this place.
 G = Mean time per level.
                   A        B        C        D        E       F      G
               +--------+--------+--------+--------+--------+-----+--------+
         Total |    855 |    832 |     23 |     77 |    490 |   2 |  427.5 |
       Dungeon |    855 |    832 |     23 |     77 |    490 |   2 |  427.5 |
               +--------+--------+--------+--------+--------+-----+--------+

Top non-repeatable levels by time:
     D:1: 817 daAuts
     D:2: 38 daAuts
